 Dungeon Sprint DCSS version 0.24-a0-446-g87df7205b4 (webtiles) character file.

Game seed: 7320048508550289232

760 mahrnol the Protected (level 7, 0/70 HPs)
             Began as a Minotaur Fighter on June 24, 2019.
             Was a Follower of Makhleb.
             Slain by a two-headed ogre
             ... wielding a +0 giant club
              (10 damage)
             ... in the Dungeon (Sprint IX: "|||||||||||||||||||||||||||||").
             The game lasted 00:03:29 (300 turns).

mahrnol the Protected (Minotaur Fighter)             Turns: 300, Time: 00:03:30

Health: 0/70       AC: 14    Str: 23    XL:     7   Next: 51%
Magic:  10/10      EV:  9    Int:  5    God:    Makhleb [*.....]
Gold:   0          SH: 12    Dex: 12    Spells: 6/6 levels left

rFire    . . .     SeeInvis .   a - +0 flail
rCold    . . .     Gourm    .   c - +0 shield
rNeg     . . .     Faith    .   x - +1 chain mail
rPois    .         Spirit   .   (helmet restricted)
rElec    .         Reflect  .   w - +0 cloak
rCorr    .         Harm     .   (no gloves)
MR       .....     NoTele   +   (no boots)
Stlth    ..........             (no amulet)
HPRegen  0.21/turn              y - +3 ring of dexterity
MPRegen  0.12/turn              z - +2 ring of evasion

@: no status effects
A: retaliatory headbutt, horns 2
a: Renounce Religion


You were in the Dungeon.
You worshipped Makhleb.
Makhleb was aware of your devotion.
You were not hungry.

You visited 1 branch

Inventory:

Hand Weapons
 a - a +0 flail (weapon)
 q - a +1 broad axe of freezing
 r - a +2 dire flail of crushing
 s - a +2 halberd of venom
 t - a +0 lajatang
 u - a +2 rapier of freezing
 v - a +2 scimitar of holy wrath
Armour
 c - a +0 shield (worn)
 w - a +0 cloak (worn)
 x - a +1 chain mail (worn)
Jewellery
 y - a +3 ring of dexterity (left hand)
 z - a +2 ring of evasion (right hand)
Wands
 p - a wand of iceblast (10)
Scrolls
 k - 2 scrolls of blinking
 n - 3 scrolls of remove curse
 o - 2 scrolls of amnesia
Potions
 d - a potion of might
 e - 4 potions of curing
 g - 3 potions of heal wounds
 h - a potion of haste
 i - 4 potions of magic
 j - a potion of berserk rage
 m - a potion of invisibility
Comestibles
 f - a ration
 l - 3 chunks of flesh


   Skills:
 + Level 9.3 Fighting
 + Level 8.4 Maces & Flails
 + Level 10.9 Armour
 + Level 10.1 Shields
 * Level 6.3 Invocations


You had 6 spell levels left.
You didn't know any spells.
Your spell library was empty.

Dungeon Overview and Level Annotations

Branches:
Dungeon (1/1)

Altars:
Cheibriados
Dithmenos
Elyvilon
Fedhas
Gozag
Hepliaklqana
Kikubaaqudgha
Makhleb
Nemelex Xobeh
Okawaru
Qazlal
Ru
Sif Muna
Trog
Uskayaw
Vehumet
Wu Jian
Xom
Yredelemnul
Zin
The Shining One
Beogh
Jiyva
Lugonu


Innate Abilities, Weirdness & Mutations

You reflexively headbutt those who attack you in melee.
You have a pair of horns on your head.


Message History

Things that are here:
a +0 dagger; a kobold skeleton
There is a staircase leading out of the dungeon here.
You sock the two-headed ogre! You headbutt the two-headed ogre.
The two-headed ogre is moderately wounded.
The two-headed ogre hits you with a +0 giant club!
* * * LOW HITPOINT WARNING * * *
The two-headed ogre closely misses you.
You sock the two-headed ogre! You headbutt the two-headed ogre!
The two-headed ogre is severely wounded.
You closely miss the two-headed ogre.
Your headbutt misses the two-headed ogre.
The two-headed ogre is severely wounded.
The two-headed ogre completely misses you.
You furiously retaliate!
You headbutt the two-headed ogre. You block the two-headed ogre's attack.
You sock the two-headed ogre!
The two-headed ogre is almost dead.
The two-headed ogre hits you with a +0 giant club!
You die...

▓▓▓
▓@▓
▓O▓
▓.▓
▓.▓
▓)▓
▓)▓
▓.▓
▓.▓
▓.▓


You could see a two-headed ogre.

Vanquished Creatures
  An unseen horror (D)
  A black bear (D)
  A killer bee (D)
  A hound (D)
  A gnoll shaman (D)
  A worker ant (D)
  An adder (D)
  A shadow imp (D)
  A leopard gecko (D)
  A bat (D)
  A goblin (D)
  A jackal skeleton (D)
  2 kobolds (D)
  A quokka skeleton (D)
15 creatures vanquished.

Notes
Turn   | Place    | Note
-------+----------+-------------------------------------------
     0 | D        | mahrnol the Minotaur Fighter began the quest for the Orb.
     0 | D        | Reached XP level 1. HP: 19/19 MP: 0/0
   107 | D        | Noticed a worker ant
   107 | D        | Noticed a gnoll shaman
   110 | D        | Killed a worker ant
   110 | D        | Reached skill level 5 in Fighting
   110 | D        | Reached skill level 5 in Armour
   110 | D        | Reached skill level 5 in Shields
   110 | D        | Reached XP level 2. HP: 29/29 MP: 1/1
   110 | D        | Reached XP level 3. HP: 36/36 MP: 2/2
   122 | D        | Reached XP level 4. HP: 29/44 MP: 3/3
   132 | D        | Found a roughly hewn altar of Beogh.
   132 | D        | Found a snail-covered altar of Cheibriados.
   132 | D        | Found a shadowy altar of Dithmenos.
   132 | D        | Found a white marble altar of Elyvilon.
   132 | D        | Found a blossoming altar of Fedhas.
   132 | D        | Found an opulent altar of Gozag.
   133 | D        | Found a hazy altar of Hepliaklqana.
   134 | D        | Found a viscous altar of Jiyva.
   135 | D        | Found an ancient bone altar of Kikubaaqudgha.
   136 | D        | Found a corrupted altar of Lugonu.
   137 | D        | Found a burning altar of Makhleb.
   138 | D        | Found a sparkling altar of Nemelex Xobeh.
   139 | D        | Found an iron altar of Okawaru.
   140 | D        | Found a stormy altar of Qazlal.
   141 | D        | Found a sacrificial altar of Ru.
   142 | D        | Found a deep blue altar of Sif Muna.
   143 | D        | Found a bloodstained altar of Trog.
   144 | D        | Found a hide-covered altar of Uskayaw.
   145 | D        | Became a worshipper of Makhleb the Destroyer
   146 | D        | Found a radiant altar of Vehumet.
   147 | D        | Found an ornate altar of the Wu Jian Council.
   148 | D        | Found a shimmering altar of Xom.
   149 | D        | Found a basalt altar of Yredelemnul.
   150 | D        | Found a glowing silver altar of Zin.
   151 | D        | Found a glowing golden altar of the Shining One.
   225 | D        | Noticed a black bear
   225 | D        | Noticed a two-headed ogre
   228 | D        | Reached skill level 1 in Invocations
   236 | D        | Killed a black bear
   236 | D        | Reached * piety under Makhleb
   236 | D        | Reached skill level 5 in Maces & Flails
   236 | D        | Reached XP level 5. HP: 42/52 MP: 3/6
   244 | D        | HP: 1/52 [something (8)]
   245 | D        | Killed an unseen horror
   245 | D        | Reached skill level 10 in Armour
   245 | D        | Reached skill level 10 in Shields
   245 | D        | Reached XP level 6. HP: 1/63 MP: 4/9
   245 | D        | Reached XP level 7. HP: 2/70 MP: 4/10
   300 | D        | Slain by a two-headed ogre

Levels and vault maps discovered:
D:        linesprint [early_d, line_temple, items_1, d_10, items_2, lair_1,
          lair_end, items_3, orc_1, orc_end, items_4, d_15, swamp_1, shoals_1,
          snake_1, spider_1, d_20, vaults_1, items_5, swamp_end, shoals_end,
          snake_end, spider_end, vaults_end, d_27, items_6, zot_1, zot_end,
          crypt_end, forest_end, elf_end, slime_end, tomb_end, abyss_end,
          pan_hell_end]

Skill      XL: |  1  2  3  4  5 |
---------------+----------------+-----
Fighting       | 5 6 7 9 |  9.3
Armour         | 5 6 8 10 | 10.9
Shields        | 5 6 7 10 | 10.1
Maces & Flails | 3 5 8 |  8.4
Invocations    | 3 6 |  6.3

Action                   |  1- 3 |  4- 6 |  7- 9 || total
-------------------------+-------+-------+-------++-------
Melee: Flail             |    28 |    20 |     4 ||    52
       Headbutt          |     6 |     5 |     2 ||    13
  Use: Potion            |       |       |     1 ||     1
Armor: Scale mail        |     7 |       |       ||     7
       Chain mail        |       |    13 |       ||    13
Dodge: Dodged            |     4 |     8 |     2 ||    14
Block: Shield            |     9 |    11 |     3 ||    23

Table legend:
 A = Non-vault XP
 B = Vault XP
 C = Vault XP percentage of total XP
 D = Non-vault monster count
 E = Vault monster count
 F = Vault count percentage of total count
                 A         B        C        D         E       F
            +---------+---------+-------+---------+---------+-------
      Total |       0 |    1087 | 100.0 |       0 |      15 | 100.0
            +---------+---------+-------+---------+---------+-------
          D |       0 |    1087 | 100.0 |       0 |      15 | 100.0
            +---------+---------+-------+---------+---------+-------
